 Dungeon Crawl Stone Soup version 0.31-a0-1612-g4aaf141004 (webtiles) character file.

Game seed: 16746842421254349501

3500 jlumianski the Grappler (level 10, -4/76 HPs)
             Began as a Gnoll Shapeshifter on Jan 9, 2024.
             Was an Initiate of Wu Jian.
             Killed from afar by an acid dragon (23 damage)
             ... with a splash of acid
             ... on level 8 of the Dungeon.
             The game lasted 00:35:16 (8739 turns).

jlumianski the Grappler (Gnoll Shapeshifter)        Turns: 8739, Time: 00:35:17

Health: -4/76      AC:  4    Str: 18    XL:     10   Next: 7%
Magic:  17/17      EV:  7    Int: 15    God:    Wu Jian [......]
Gold:   567        SH:  0    Dex: 12    Spells: 19/19 levels left

rFire   . .          .
                       - Unarmed
rCold   . . .        (no shield)
rNeg    . . .        C - +0 plate armour
rPois   .            (helmet currently unavailable)
rElec   .            (cloak currently unavailable)
rCorr   .            (gloves currently unavailable)
SInv    .            (boots currently unavailable)
Will    .....        (no amulet) Stlth
                     s - +6 ring of intelligence
HPRegen 0.32/turn    (no ring)
MPRegen 0.15/turn

%: no passive effects
@: beast-form, corroded
A: beast (slay +4), fangs 1, strong nose, distributed training
a: Begin Untransformation, Renounce Religion


You were on level 8 of the Dungeon.
You worshipped Wu Jian.
Wu Jian was noncommittal.
You were a hulking beast.
You visited 2 branches of the dungeon, and saw 10 of its levels.

You collected 567 gold pieces.

Inventory:

Hand Weapons
 G - a +2 great sword
Missiles
 f - 5 javelins (quivered)
 y - 7 boomerangs
 z - 3 poisoned darts
Armour
 a - a +0 animal skin
 j - a +0 ring mail
 v - a +0 chain mail
 A - a +0 pair of gloves
 B - a +0 helmet
 C - a +0 plate armour (worn)
 J - a +0 kite shield
Jewellery
 r - a ring of fire
 s - a +6 ring of intelligence (left hand)
 I - an amulet of magic regeneration
Talismans
 c - a beast talisman
 d - a flux talisman
Wands
 p - a wand of light (9)
 E - a wand of flame (6)
Scrolls
 e - a scroll of blinking
 h - a scroll of fog
 k - a scroll of noise
 n - 7 scrolls of vulnerability
 o - a scroll of enchant armour
 t - 2 scrolls of teleportation
 w - a scroll of poison
 D - a scroll of revelation {unknown}
 H - 2 scrolls of butterflies
 K - a scroll of torment {unknown}
Potions
 b - 2 potions of lignification
 g - 2 potions of haste
 i - 4 potions of attraction
 l - a potion of invisibility
 m - 2 potions of mutation
 q - a potion of curing
 u - a potion of enlightenment
 x - a potion of brilliance {unknown}
 F - a potion of might {unknown}


   Skills:
 + Level 5.8 Fighting
 + Level 5.1 Short Blades
 + Level 5.1 Long Blades
 + Level 5.1 Axes
 + Level 5.1 Maces & Flails
 + Level 5.1 Polearms
 + Level 5.1 Staves
 + Level 5.1 Ranged Weapons
 + Level 5.1 Throwing
 + Level 5.1 Armour
 + Level 6.9 Dodging
 + Level 5.1 Stealth
 + Level 5.1 Shields
 + Level 8.4 Unarmed Combat
 + Level 5.1 Spellcasting
 + Level 4.2 Conjurations
 + Level 4.2 Hexes
 + Level 4.2 Summonings
 + Level 4.2 Necromancy
 + Level 4.2 Translocations
 + Level 4.2 Fire Magic
 + Level 4.2 Ice Magic
 + Level 4.2 Air Magic
 + Level 4.2 Earth Magic
 + Level 4.2 Alchemy
 + Level 5.6 Invocations
 + Level 5.1 Evocations
 + Level 8.1 Shapeshifting


You had 19 spell levels left.
You didn't know any spells.
Your spell library contained the following spells:

 Spells                   Type           Power      Damage    Failure   Level
 Magic Dart               Conj           64%        1d6       67%         1
 Sting                    Conj/Alch      64%        1d7       67%         1
 Mercury Vapours          Alch/Air       32%        N/A       82%         2
 Searing Ray              Conj           32%        2d5       82%         2
 Dazzling Flash           Conj/Hex       32%        N/A       96%         3
 Fugue of the Fallen      Necr           16%        N/A       96%         3
 Mephitic Cloud           Conj/Alch/Air  16%        N/A       96%         3
 Ozocubu's Armour         Ice            16%        N/A       96%         3
 Stone Arrow              Conj/Erth      32%        3d9       96%         3
 Volatile Blastmotes      Fire/Tloc      32%        2d12      96%         3
 Animate Armour           Summ/Erth      32%        N/A       100%        4
 Fulminant Prism          Conj/Alch      8%         3d6       100%        4
 Iskenderun's Mystic Bla  Conj/Tloc      16%        2d5       100%        4
 Manifold Assault         Tloc           16%        N/A       100%        4
 Olgreb's Toxic Radiance  Alch           16%        N/A       100%        4
 Curse of Agony           Necr           16%        N/A       100%        5
 Silence                  Hex/Air        8%         N/A       100%        5
 Lehudib's Crystal Spear  Conj/Erth      8%         10d3      100%        8


Dungeon Overview and Level Annotations

Branches:
Dungeon (9/15)             Temple (1/1) D:7            Lair (0/5) D:9
    Orc: D:9-12

Altars:
Ashenzari
Cheibriados
Dithmenos
Elyvilon
Fedhas
Gozag
Kikubaaqudgha
Makhleb
Okawaru
Ru
Sif Muna
Trog
Uskayaw
Vehumet
Wu Jian
Xom
Yredelemnul
The Shining One


Innate Abilities, Weirdness & Mutations

You are a hulking beast.
Your limbs bulge with bestial killing power. (Slay +4)
You have very sharp teeth.
Your uncanny sense of smell can sniff out nearby items.
Your experience applies equally to all skills.


Message History

The steam dragon claws you but does no damage.
You pummel the steam dragon!!
You kill the steam dragon!
The Council accepts your kill.
There is an open door here.
There is an open door here.
Things that are here:
a +0 club; a +0 ring mail; an orc corpse
There is an open door here.
K - a scroll labelled FYEPINL QOSA
i - 4 potions of attraction (gained 1)
You pick up a book of Conjurations and begin reading...
You add the spells Magic Dart and Searing Ray to your library.
Okay, then.
Unknown command.
Unknown command.
Unknown command.
An acid dragon comes into view.
The acid dragon roars!
The acid dragon spits acid at you. The splash of acid hits you!!
The acid corrodes you!
Throw: 6 javelins
Press: ? - help, Q - select action, (/) - cycle Shift-Dir - straight line, f - acid dragon
Aim: an acid dragon (catching its breath, 64% to hit)
You throw a javelin.
The javelin pierces through the acid dragon.
The acid dragon is lightly wounded.
Aiming: Bolt of Light
Press: ? - help, Shift-Dir - straight line, f/p - acid dragon
Aim: an acid dragon (lightly wounded, 74% to hit)
The bolt of light hits the acid dragon!
The acid dragon is almost dead.
The acid dragon is blinded.
The acid dragon spits acid at you. The splash of acid hits you!!
* * * LOW HITPOINT WARNING * * *
The acid corrodes you! The acid dragon spits acid at you.
The splash of acid hits you!!
You die...

########################
#...............h....D.#
#.####################.#
#.# ### #.# #.# #..
..(D....# #.# #.#
######### #.# #.#
#.########.#######
#.................
##########.######


You could see an acid dragon (blind, unable to see you, catching breath).

Vanquished Creatures
  Pikel (D:4)
  Eustachio (D:4)
  A steam dragon (D:8)
  A water moccasin (D:7)
  Duvessa (D:5)
  A black bear (D:6)
  An orc warrior (D:6)
  An ice beast (D:4)
  A centaur (D:6)
  3 lemures (D:4)
  2 phantoms
  2 bullfrogs (D:6)
  14 wights
  Dowan (D:5)
  5 killer bees (D:7)
  A bombardier beetle (D:4)
  5 hounds
  2 jellies (D:6)
  A gnoll bouda (D:9)
  3 orc priests
  A sleepcap (D:7)
  6 iguanas
  5 orc wizards
  5 gnolls
  6 adders
  4 white imps
  2 ufetubi (D:7)
  3 ribbon worms
  6 dart slugs
  16 orcs
  12 ball pythons
  6 endoplasms
  4 giant cockroaches
  5 goblins
  5 hobgoblins
  7 jackals
  4 quokkas
  7 bats
  4 frilled lizards
  7 kobolds
  7 rats
170 creatures vanquished.

Notes
Turn   | Place    | Note
-------+----------+-------------------------------------------
     0 | D:1      | jlumianski the Gnoll Shapeshifter began the quest for the
                  | Orb.
     0 | D:1      | Reached XP level 1. HP: 17/17 MP: 1/1
    95 | D:1      | Reached XP level 2. HP: 23/23 MP: 2/2
   362 | D:1      | Reached XP level 3. HP: 20/28 MP: 2/4
   480 | D:1      | Reached skill level 1 in Invocations
   667 | D:1      | Found a faded altar of an unknown god.
   933 | D:2      | Reached skill level 1 in Short Blades
   933 | D:2      | Reached skill level 1 in Long Blades
   933 | D:2      | Reached skill level 1 in Axes
   933 | D:2      | Reached skill level 1 in Maces & Flails
   933 | D:2      | Reached skill level 1 in Polearms
   933 | D:2      | Reached skill level 1 in Staves
   933 | D:2      | Reached skill level 1 in Ranged Weapons
   933 | D:2      | Reached skill level 1 in Throwing
   933 | D:2      | Reached skill level 1 in Armour
   933 | D:2      | Reached skill level 1 in Stealth
   933 | D:2      | Reached skill level 1 in Shields
   933 | D:2      | Reached skill level 1 in Spellcasting
   933 | D:2      | Reached skill level 1 in Evocations
  1017 | D:3      | Reached XP level 4. HP: 34/34 MP: 5/5
  1022 | D:3      | You fall into a shaft and drop 2 floors!
  1022 | D:5      | Entered Level 5 of the Dungeon
  1071 | D:5      | Noticed Eustachio
  1116 | D:4      | Reached skill level 1 in Conjurations
  1116 | D:4      | Reached skill level 1 in Hexes
  1116 | D:4      | Reached skill level 1 in Summonings
  1116 | D:4      | Reached skill level 1 in Necromancy
  1116 | D:4      | Reached skill level 1 in Translocations
  1116 | D:4      | Reached skill level 1 in Fire Magic
  1116 | D:4      | Reached skill level 1 in Ice Magic
  1116 | D:4      | Reached skill level 1 in Air Magic
  1116 | D:4      | Reached skill level 1 in Earth Magic
  1116 | D:4      | Reached skill level 1 in Alchemy
  1150 | D:4      | Noticed an ice beast
  1244 | D:4      | Found an opulent altar of Gozag.
  1257 | D:4      | Reached XP level 5. HP: 31/40 MP: 5/7
  1300 | D:4      | Noticed a phantom
  2083 | D:3      | Upgraded the game from 0.31-a0-1611-g890cdf5628 to
                  | 0.31-a0-1612-g4aaf141004
  2329 | D:3      | Found a hide-covered altar of Uskayaw.
  2590 | D:4      | Found a snail-covered altar of Cheibriados.
  2604 | D:4      | Reached XP level 6. HP: 41/47 MP: 8/8
  2642 | D:4      | Reached skill level 5 in Dodging
  2745 | D:5      | Found a shadowy altar of Dithmenos.
  2901 | D:4      | HP: 2/47 [orc priest/+0 whip (6)]
  3312 | D:3      | Reached XP level 7. HP: 22/51 MP: 10/10
  4127 | D:4      | Reached XP level 8. HP: 46/59 MP: 12/12
  4392 | D:5      | Noticed Duvessa
  4392 | D:5      | Noticed Dowan
  4410 | D:5      | Killed Duvessa
  4567 | D:5      | Noticed Pikel
  4788 | D:4      | Killed Pikel
  5032 | D:4      | Killed Eustachio
  5033 | D:4      | Reached XP level 9. HP: 31/66 MP: 14/14
  5181 | D:5      | Killed Dowan
  5469 | D:6      | Found a blossoming altar of Fedhas.
  5480 | D:6      | Reached skill level 5 in Fighting
  5562 | D:6      | Found an ornate altar of the Wu Jian Council.
  5575 | D:6      | Became a worshipper of the Wu Jian Council
  5741 | D:7      | Found a sacrificial altar of Ru.
  6470 | D:6      | Reached skill level 5 in Invocations
  7671 | D:7      | Reached skill level 5 in Short Blades
  7671 | D:7      | Reached skill level 5 in Long Blades
  7671 | D:7      | Reached skill level 5 in Axes
  7671 | D:7      | Reached skill level 5 in Maces & Flails
  7671 | D:7      | Reached skill level 5 in Polearms
  7671 | D:7      | Reached skill level 5 in Staves
  7671 | D:7      | Reached skill level 5 in Ranged Weapons
  7671 | D:7      | Reached skill level 5 in Throwing
  7671 | D:7      | Reached skill level 5 in Armour
  7671 | D:7      | Reached skill level 5 in Stealth
  7671 | D:7      | Reached skill level 5 in Shields
  7671 | D:7      | Reached skill level 5 in Spellcasting
  7671 | D:7      | Reached skill level 5 in Evocations
  7674 | D:7      | HP: 3/69 [poisoned by a killer bee]
  7994 | D:7      | Reached XP level 10. HP: 76/76 MP: 17/17
  8154 | D:7      | Found a staircase to the Ecumenical Temple.
  8158 | Temple   | Entered the Ecumenical Temple
  8566 | D:9      | Noticed a death yak
  8567 | D:9      | Noticed a death yak
  8568 | D:9      | Found a staircase to the Lair.
  8571 | D:9      | Noticed a death yak
  8739 | D:8      | Killed from afar by an acid dragon

Illustrated notes

Levels and vault maps discovered:
D:1:      dpeg_arrival_rooms_c, layout_loops_cross,
          shapermc_ecumenical_altar_totnotflames
D:2:      layout_rooms
D:3:      layout_basic, nicolae_uskayaw_murder_on_the_dancefloor,
          minmay_fractal_squares_gapless_5
D:4:      layout_rooms, grunt_gozag_statues, slow_altar_1,
          minmay_misc_feat_alley
D:5:      dreamdust_elfheim, layout_cave_pools, nicolae_overflow_hidden_temple,
          nicolae_elevator_lobby_plus, uniq_pikel, uniq_eustachio
D:6:      layout_basic, mainiacjoe_overflow_surrounded_room, fedhas_altar_1,
          nicolae_figureground_sparkle
D:7:      layout_gridville, mainiacjoe_overflow_boulevard, temple_hall_moat,
          kennysheep_generic_room_6
D:8:      layout_basic, nzn_hepliaklqana_mist_gate, grunt_ministairs_6,
          uniq_maggie, uniq_gastronok
D:9:      layout_roguey, nicolae_qazlal_general_emergency, dpeg_lair_monsters
Temple:   bh_familiar_temple

Skill      XL: |  1  2  3  4  5  6  7  8  9 |
---------------+----------------------------+-----
Invocations    | 1 2 3 4 5 |  5.6
Short Blades   | 1 2 3 5 |  5.1
Long Blades    | 1 2 3 5 |  5.1
Axes           | 1 2 3 5 |  5.1
Maces & Flails | 1 2 3 5 |  5.1
Polearms       | 1 2 3 5 |  5.1
Staves         | 1 2 3 5 |  5.1
Ranged Weapons | 1 2 3 5 |  5.1
Throwing       | 1 2 3 5 |  5.1
Armour         | 1 2 3 5 |  5.1
Stealth        | 1 2 3 5 |  5.1
Shields        | 1 2 3 5 |  5.1
Spellcasting   | 1 2 3 5 |  5.1
Evocations     | 1 2 3 5 |  5.1
Conjurations   | 1 2 3 4 |  4.2
Hexes          | 1 2 3 4 |  4.2
Summonings     | 1 2 3 4 |  4.2
Necromancy     | 1 2 3 4 |  4.2
Translocations | 1 2 3 4 |  4.2
Fire Magic     | 1 2 3 4 |  4.2
Ice Magic      | 1 2 3 4 |  4.2
Air Magic      | 1 2 3 4 |  4.2
Earth Magic    | 1 2 3 4 |  4.2
Alchemy        | 1 2 3 4 |  4.2
Fighting       | 3 4 5 |  5.8
Dodging        | 5 6 |  6.9
Unarmed Combat | 7 8 |  8.4
Shapeshifting  | 7 8 |  8.1

Action                     |  1- 3 |  4- 6 |  7- 9 | 10-12 || total
---------------------------+-------+-------+-------+-------++-------
  Melee: Unarmed           |    73 |   167 |   234 |    39 ||   513
         Bite              |     9 |    16 |    26 |     7 ||    58
         Punch             |     1 |     6 |    10 |     4 ||    21
  Throw: Javelin           |       |       |    18 |     1 ||    19
Ability: Lunge             |       |       |     6 |     4 ||    10
  Evoke: Wand              |       |       |     1 |     1 ||     2
    Use: Scroll            |       |     6 |     5 |     1 ||    12
         Potion            |       |     2 |     4 |       ||     6
   Stab: Invisible         |       |       |     2 |       ||     2
 Armour: Animal skin       |     7 |       |       |       ||     7
         Ring mail         |    23 |    58 |       |       ||    81
         Chain mail        |       |    64 |   130 |       ||   194
         Plate armour      |       |       |   121 |    40 ||   161
  Dodge: Dodged            |    53 |    75 |   125 |    16 ||   269

Table legend: (Time is in decaauts)
 A = Elapsed time spent in this place.
 B = Non-inter-level travel time spent in this place.
 C = Inter-level travel time spent in this place.
 D = Time resting spent in this place.
 E = Time spent auto-exploring this place.
 F = Levels seen in this place.
 G = Mean time per level.
                   A        B        C        D        E       F      G
               +--------+--------+--------+--------+--------+-----+--------+
         Total |   8712 |   8456 |    256 |   1912 |   3459 |  10 |  871.2 |
       Dungeon |   8710 |   8454 |    256 |   1912 |   3459 |   9 |  967.8 |
        Temple |      1 |      1 |      0 |      0 |      0 |   1 |    1.0 |
               +--------+--------+--------+--------+--------+-----+--------+

Top non-repeatable levels by time:
     D:7: 1580 daAuts
     D:4: 1510 daAuts
     D:6: 1482 daAuts
     D:5: 1355 daAuts
     D:3: 963 daAuts
     D:1: 848 daAuts
     D:2: 598 daAuts
     D:8: 305 daAuts
     D:9: 65 daAuts
  Temple: 1 daAuts
